 Dungeon Crawl Stone Soup version bcrawl-1.13.1 (webtiles) character file.

Game seed: 10064966058542898903

2001 Chiseanne the Covered (level 9, -11/69 HPs)
             Began as a Demonspawn Archaeologist on Aug 2, 2019.
             Mangled by a seven-headed hydra (13 damage)
             ... on level 6 of the Dungeon.
             The game lasted 00:17:04 (6678 turns).

Chiseanne the Covered (Demonspawn Archaeologist)    Turns: 6678, Time: 00:17:04

Health: -11/69     AC: 12    Str: 10    XL:     9   Next: 2%
Magic:  12/12      EV: 15    Int: 15    God:
Gold:   637        SH:  0    Dex: 18    Spells: 8/8 levels left

rFire    + . .     SeeInvis .   a - +6 short sword
rCold    + . .     Gourm    .   (no shield)
rNeg     + . .     Faith    .   v - +2 leather armour {rF+}
rPois    +         Spirit   .   c - +1 hat
rElec    .         Reflect  .   f - +2 ratskin cloak {+Rats rPois rN+ Str-1 Int-1 Dex+1}
rCorr    .         Harm     .   (no gloves)
MR       .....                  d - +1 pair of boots
Stlth    ++++......             (no amulet)
HPRegen  0.21/turn              (no ring)
MPRegen  0.13/turn              (no ring)

@: no status effects
A: horns 2, thin skeletal structure 1, cold resistance 1, poison resistance,
evolution 1
a: Evoke Ratskin


You were on level 6 of the Dungeon.
You were not hungry.

You visited 2 branches of the dungeon, and saw 7 of its levels.

You collected 637 gold pieces.

Inventory:

Hand Weapons
 a - a +6 short sword (weapon)
 e - a +1 dagger of venom
 y - a +3 flail of protection
Missiles
 h - 1119 stones
 i - 203 tomahawks (quivered)
 j - 984 arrows
 k - 445 bolts
 m - 84 sling bullets
 s - 175 poisoned needles
Armour
 c - a +1 hat (worn)
 d - a +1 pair of boots (worn)
 f - the +2 ratskin cloak (worn) {+Rats rPois rN+ Str-1 Int-1 Dex+1}

   It affects your strength (-1).
   It affects your intelligence (-1).
   It affects your dexterity (+1).
   It protects you from poison.
   It protects you from negative energy.
 n - the +0 robe "Ijoefairph" {Regen+ rCorr Str-2 Int+4}
   (You found it on level 4 of the Dungeon)

   It affects your strength (-2).
   It affects your intelligence (+4).
   It increases your rate of regeneration.
   It provides partial protection from all sources of acid and corrosion.
 p - a cursed +0 shield
 v - a +2 leather armour of fire resistance (worn)
Jewellery
 q - a +4 ring of protection {unknown}
Wands
 w - a wand of disintegration (1)
Scrolls
 b - a scroll of remove curse {unknown}
 z - a scroll of immolation
 A - a scroll of brand weapon {unknown}
 B - 2 scrolls of silence {unknown}
Potions
 l - 2 potions of cancellation
 o - a potion of ambrosia {unknown}
 r - 2 potions of curing {unknown}
 t - a potion of magic {unknown}
 u - 3 potions of degeneration {unknown}
Comestibles
 g - 9 rations {!d}
 x - 3 chunks of flesh


   Skills:
 * Level 5.7 Fighting
 - Level 0.8 Maces & Flails
 - Level 6.8 Armour
 * Level 5.2 Dodging
 * Level 5.7 Stealth
 * Level 4.7 Evocations


You had 8 spell levels left.
You didn't know any spells.
Your spell library was empty.

Dungeon Overview and Level Annotations

Branches:
Dungeon (6/12)             Temple (1/1) D:4

Altars:
Ashenzari
Cheibriados
Dithmenos
Elyvilon
Hepliaklqana
Kikubaaqudgha
Lugonu
Makhleb
Qazlal
Sif Muna
Trog
Uskayaw
Vehumet
Wu Jian
Yredelemnul
Zin
The Shining One


Innate Abilities, Weirdness & Mutations

You have a pair of horns on your head.
You have a somewhat thin skeletal structure. (Dex +2, Stealth)
Your flesh is cold resistant. (rC+)
Your system is resistant to poisons. (rPois)
You evolve.


Message History

* * * LOW HITPOINT WARNING * * *
The seven-headed hydra closely misses you.
The seven-headed hydra misses you. The seven-headed hydra bites you.
* * * LOW HITPOINT WARNING * * *
The seven-headed hydra closely misses you. x2
The seven-headed hydra misses you.
Evoke which item? (* to show all) (? for menu, Esc to quit)
Aiming: Disintegrate
Press: ? - help, Shift-Dir - straight line, f/p - seven-headed hydra
Aim: a seven-headed hydra (almost dead, chance to defeat MR: 50%)
The seven-headed hydra resists with some effort.
The seven-headed hydra bites you!
* * * LOW HITPOINT WARNING * * *
The seven-headed hydra closely misses you.
The seven-headed hydra bites you but does no damage.
The seven-headed hydra bites you.
* * * LOW HITPOINT WARNING * * *
The seven-headed hydra bites you but does no damage.
The seven-headed hydra bites you!
You die...

........# ........#
........# ########
........## .......
........# ...... ..
.......# ..#.. .#.
..#D..#
#.#.###.#.###.#.@.#
..#.....#.....#...#
.....#.. ..#.....##
)###.#.###.#....##
.....#.....#...##
..#.....#.....##
#.#.###.#....##
..#.....#...##
.....#....֠#


You could see a seven-headed hydra.

Vanquished Creatures
  A hippogriff (D:6)
  Sigmund (D:2)
  Eustachio (D:4)
  2 ogres
  A black bear (D:6)
  A centaur (D:6)
  3 bullfrogs
  A scorpion (D:6)
  3 crimson imps
  3 hounds
  A jelly (D:6)
  5 orc priests
  5 orc wizards
  A bullfrog skeleton (D:2)
  6 iguanas
  A worker ant (D:5)
  A hound zombie (D:6)
  4 gnolls (D:5)
  4 adders
  2 adder skeletons (D:5)
  2 worms
  4 dart slugs
  2 leopard geckos
  19 orcs
  3 ball pythons (D:1)
  2 giant cockroaches (D:2)
  2 goblins
  9 hobgoblins
  12 jackals
  11 kobolds
  5 quokkas
  5 bats
  7 frilled lizards
  2 jackal skeletons
  A jackal zombie (D:6)
  A quokka skeleton (D:4)
  7 rats
141 creatures vanquished.

Notes
Turn   | Place    | Note
-------+----------+-------------------------------------------
     0 | D:1      | Chiseanne the Demonspawn Archaeologist began the quest for
                  | the Orb.
     0 | D:1      | Reached XP level 1. HP: 15/15 MP: 1/1
   101 | D:1      | Gained mutation: You have a pair of small horns on your
                  | head. [demonic ancestry]
   101 | D:1      | Reached XP level 2. HP: 16/22 MP: 2/2
   492 | D:1      | Gained mutation: Your flesh is cold resistant. (rC+)
                  | [demonic ancestry]
   492 | D:1      | Reached XP level 3. HP: 29/29 MP: 3/3
   789 | D:1      | Reached skill level 1 in Armour
   898 | D:2      | Found a radiant altar of Vehumet.
  1054 | D:2      | Noticed an ogre
  1064 | D:2      | Killed an ogre
  1064 | D:2      | Reached skill level 4 in Armour
  1064 | D:2      | Gained mutation: You have a somewhat thin skeletal
                  | structure. (Dex +2, Stealth) [demonic ancestry]
  1064 | D:2      | Reached XP level 4. HP: 13/35 MP: 4/4
  1352 | D:2      | Reached skill level 5 in Armour
  1352 | D:2      | Reached XP level 5. HP: 36/41 MP: 5/5
  1535 | D:2      | Noticed Sigmund
  1569 | D:2      | Paralysed by Sigmund for 2 turns
  2114 | D:2      | Paralysed by Sigmund for 2 turns
  2123 | D:2      | Gained mutation: Your magical capacity is low. (-10% MP)
                  | [potion of mutation]
  2123 | D:2      | Gained mutation: Your body sometimes deteriorates upon
                  | taking damage. [potion of mutation]
  2123 | D:2      | Gained mutation: You expend magic power (3 MP) to
                  | strengthen your wands. [potion of mutation]
  2126 | D:2      | Paralysed by Sigmund for 4 turns
  2133 | D:2      | Killed Sigmund
  2133 | D:2      | Reached skill level 6 in Armour
  2133 | D:2      | Reached XP level 6. HP: 17/47 MP: 5/5
  2330 | D:2      | Lost mutation: You expend magic power (3 MP) to strengthen
                  | your wands. [potion of mutation]
  2330 | D:2      | Lost mutation: Your body sometimes deteriorates upon taking
                  | damage. [potion of mutation]
  2330 | D:2      | Lost mutation: Your magical capacity is low. (-10% MP)
                  | [potion of mutation]
  2330 | D:2      | Gained mutation: Your system is resistant to poisons.
                  | (rPois) [potion of mutation]
  2330 | D:2      | Gained mutation: Your spells are a little easier to cast,
                  | but a little less powerful. [potion of mutation]
  2330 | D:2      | Gained mutation: You evolve. [potion of mutation]
  2391 | D:3      | Noticed a sky beast
  2476 | D:3      | Lost mutation: Your spells are a little easier to cast, but
                  | a little less powerful. [evolution]
  2584 | D:3      | Found a bloodstained altar of Trog.
  2970 | D:3      | Reached skill level 1 in Evocations
  3344 | D:3      | Reached XP level 7. HP: 43/52 MP: 6/8
  3631 | D:4      | Found a staircase to the Ecumenical Temple.
  3645 | Temple   | Entered the Ecumenical Temple
  4224 | D:4      | Noticed Eustachio
  4244 | D:4      | Killed Eustachio
  4684 | D:4      | Found a white marble altar of Elyvilon.
  4990 | D:4      | Got a transparent robe
  5156 | D:5      | Entered Level 5 of the Dungeon
  5273 | D:5      | Reached XP level 8. HP: 39/61 MP: 10/10
  5604 | D:5      | Found an ancient bone altar of Kikubaaqudgha.
  5625 | D:5      | Found a glowing golden altar of the Shining One.
  6127 | D:5      | Found a shattered altar of Ashenzari.
  6266 | D:6      | Found a shadowy altar of Dithmenos.
  6288 | D:6      | Reached skill level 5 in Fighting
  6303 | D:6      | Found a basalt altar of Yredelemnul.
  6317 | D:6      | Reached skill level 5 in Stealth
  6334 | D:6      | Identified the +0 robe "Ijoefairph" {Regen+ rCorr Str-2
                  | Int+4} (You found it on level 4 of the Dungeon)
  6359 | D:6      | Noticed a hippogriff
  6392 | D:6      | Killed a hippogriff
  6403 | D:6      | Reached skill level 5 in Dodging
  6648 | D:6      | Gained mutation: You have a pair of horns on your head.
                  | [demonic ancestry]
  6648 | D:6      | Reached XP level 9. HP: 69/69 MP: 12/12
  6667 | D:6      | Noticed a seven-headed hydra
  6678 | D:6      | HP: 3/69 [seven-headed hydra (14)]
  6678 | D:6      | Mangled by a seven-headed hydra

Skill      XL: |  1  2  3  4  5  6  7  8 |
---------------+-------------------------+-----
Fighting       | 2 3 4 5 |  5.7
Armour         | 4 5 6 |  6.8
Dodging        | 3 4 5 |  5.2
Evocations     | 1 3 4 |  4.7
Stealth        | 4 5 |  5.7
Maces & Flails | |  0.8

Action                   |  1- 3 |  4- 6 |  7- 9 || total
-------------------------+-------+-------+-------++-------
Melee: Whip              |    31 |       |       ||    31
       Mace              |    92 |   205 |       ||   297
       Headbutt          |     9 |    39 |    30 ||    78
       Short sword       |       |    10 |   200 ||   210
Throw: Tomahawk          |     4 |       |     8 ||    12
Evoke: Wand              |       |     1 |    14 ||    15
  Use: Scroll            |     3 |     6 |     4 ||    13
       Potion            |       |     3 |     1 ||     4
 Stab: Sleeping          |     6 |    12 |    13 ||    31
  Eat: Chunk             |     1 |     4 |    11 ||    16
       Ration            |       |     1 |       ||     1
Armor: Robe              |    45 |    74 |    43 ||   162
       Leather armour    |       |       |    61 ||    61
Dodge: Dodged            |   100 |   160 |   199 ||   459
